 Dungeon Crawl Stone Soup version 0.17-a0-945-g601bd79 (webtiles) character file.

12646 nubinia the Thaumaturge (level 11, -11/57 HPs)
             Began as a Deep Elf Wizard on May 6, 2015.
             Was the Champion of Sif Muna.
             Mangled by a komodo dragon (17 damage)
             ... on level 2 of the Lair of Beasts.
             The game lasted 01:52:06 (15680 turns).

nubinia the Thaumaturge (Deep Elf Wizard)          Turns: 15680, Time: 01:52:06

Health: -11/57     AC: 13    Str:  6    XL:     11   Next: 65%
Magic:  13/30      EV: 15    Int: 28    God:    Sif Muna [******]
Gold:   598        SH:  4    Dex: 21    Spells: 9 memorised, 15 levels left

rFire  . . .     SeeInvis .     a - +1 dagger (venom)
rCold  x . .     Clarity  +     P - +2 leather armour {MR+}
rNeg   . . .     SustAb   .     u - +0 buckler
rPois  .         Gourm    .     l - +0 helmet of Hospitality {rC- Str+2 Int+2}
rElec  .         Spirit   .     z - +0 cloak
rCorr  .         Warding  .     A - +2 pair of gloves
rMut   .         Stasis   .     W - +2 pair of boots
MR     ++...                    w - amulet of rage
Stlth  ++++......               Z - +5 ring of dexterity
                                B - ring of teleport control

@: regenerating, very resistant to hostile enchantments, stealthy
A: agile 1, blink 1, clarity
a: Blink, Channel Energy, Forget Spell, Renounce Religion, Evoke Berserk Rage,
Evoke Teleport Control


You were on level 2 of the Lair of Beasts.
You worshipped Sif Muna.
Sif Muna was exalted by your worship.
You were not hungry.

You visited 3 branches of the dungeon, and saw 13 of its levels.

You collected 598 gold pieces.

Inventory:

Hand weapons
 a - a +1 dagger of venom (weapon)
 b - a +0 blowgun
 Q - the +9 war axe "Wogejam" {venom, +Blink rPois Str-5 Int+3}
   (You took it off an orc priest on level 8 of the Dungeon)

   It poisons the flesh of those it strikes.
   It affects your strength (-5).
   It affects your intelligence (+3).
   It protects you from poison.
   It lets you blink.
Missiles
 N - 14 poisoned needles
Armour
 c - a +2 robe
 l - the +0 helmet of Hospitality (worn) {rC- Str+2 Int+2}
   (You took it off Robin on level 2 of the Dungeon)

   It affects your strength (+2).
   It affects your intelligence (+2).
   It makes you vulnerable to cold.
 u - a +0 buckler (worn)
 z - a +0 cloak (worn)
 A - a +2 pair of gloves (worn)
 M - a +0 hat
 P - a +2 leather armour of magic resistance (worn)
 S - the +1 robe of Leclox {Int+7}
   (You took it off an orc on level 8 of the Dungeon)

   It affects your intelligence (+7).
 W - a +2 pair of boots (worn)
Jewellery
 w - an amulet of rage (around neck)
 B - a ring of teleport control (left hand)
 I - an uncursed ring of fire
 K - an uncursed ring of protection from magic
 Z - a +5 ring of dexterity (right hand)
Magical devices
 o - a wand of invisibility (1)
 O - a wand of draining (3)
 Y - a wand of fire (10)
Scrolls
 e - 2 scrolls of immolation
 g - 4 scrolls of teleportation
 j - 5 scrolls of enchant weapon
 n - 4 scrolls of remove curse
 s - 5 scrolls of amnesia
 t - a scroll of recharging {unknown}
 y - 4 scrolls of identify
 C - a scroll of fog {unknown}
 D - a scroll of random uselessness {unknown}
 E - a scroll of magic mapping {unknown}
 H - a scroll of silence {unknown}
 J - a scroll of enchant armour {unknown}
 L - a scroll of holy word {unknown}
 U - a scroll of acquirement {unknown}
 V - a scroll of fear {unknown}
Potions
 h - 3 potions of curing
 m - a potion of invisibility {unknown}
 p - a potion of haste
 v - 3 potions of heal wounds
 x - a potion of cure mutation
Books
 i - Aticvyax's Disquisition on the Blaze
   (Sif Muna gifted it to you on level 2 of the Lair of Beasts)

   Spells                             Type                      Level
   a - Flame Tongue                   Conjuration/Fire             1
   b - Sticky Flame                   Conjuration/Fire             4
   c - Ring of Flames                 Charms/Fire                  7
Comestibles
 d - 8 bread rations
 f - 2 beef jerkies
 q - a meat ration
 r - 3 slices of pizza
 X - a royal jelly


   Skills:
 + Level 2.0 Fighting
 + Level 1.9 Short Blades
 + Level 1.0 Throwing
 + Level 1.4 Armour
 + Level 5.5 Dodging
 + Level 6.3 Stealth
 * Level 13.9 Spellcasting
 * Level 10.1 Conjurations
 * Level 6.8 Charms
 + Level 4.7 Summonings
 * Level 4.4 Necromancy
 * Level 3.4 Translocations
 + Level 3.8 Fire Magic
 + Level 2.3 Air Magic
 + Level 2.5 Poison Magic
 + Level 2.0 Invocations
 + Level 0.2 Evocations


You had 15 spell levels left.
You knew the following spells:

 Your Spells              Type           Power        Failure   Level  Hunger
a - Magic Dart            Conj           ####         1%          1    None
b - Blink                 Tloc           N/A          2%          2    None
c - Mephitic Cloud        Conj/Pois/Air  #####...     3%          3    None
d - Conjure Flame         Conj/Fire      ######..     1%          3    None
e - Call Imp              Summ           #####...     1%          2    None
f - Sticky Flame          Conj/Fire      ######..     6%          4    None
g - Shroud of Golubria    Chrm/Tloc      #####.....   1%          2    None
r - Repel Missiles        Chrm/Air       #####.       1%          2    None
R - Regeneration          Chrm/Necr      ######....   1%          3    None


Dungeon Overview and Level Annotations

Branches:
Dungeon (9/15)             Temple (1/1) D:6            Lair (3/8) D:9
  Swamp: Lair:3-6    Shoals: Lair:3-6     Snake: Lair:3-6    Spider: Lair:3-6
    Orc: D:9-12

Altars:
Ashenzari
Cheibriados
Dithmenos
Elyvilon
Fedhas
Gozag
Kikubaaqudgha
Makhleb
Nemelex Xobeh
Okawaru
Qazlal
Ru
Sif Muna
Trog
Vehumet
Xom
Yredelemnul
Zin
The Shining One

Shops:
D:4 !}

Annotations:
D:6 exclusion: oklob plant
D:7 krabocopter's ghost, experienced DECj
Lair:1 exclusion: ice dragon
Lair:3 Fannar


Innate Abilities, Weirdness & Mutations

You are agile. (Dex +2)
You can translocate small distances at will.
You possess an exceptional clarity of mind.


Message History

You catch the helpless komodo dragon completely off-guard!
You impale the komodo dragon!!
The komodo dragon is poisoned.
The komodo dragon is severely wounded.
The komodo dragon seems less confused.
The komodo dragon bites you!!
Ouch! That really hurt!
Your shroud falls apart!
Casting: Magic Dart
Confirm with . or Enter, or press ? or * to list all spells.
Aiming: Sticky Flame
Press: ? - help, Shift-Dir - straight line, f/p - komodo dragon
Aim: a komodo dragon (severely wounded, poisoned)
The sticky flame hits the komodo dragon.
The komodo dragon appears unharmed.
The komodo dragon is severely wounded.
The komodo dragon is covered in liquid flames!
The komodo dragon burns!
The komodo dragon bites you!!
* * * LOW HITPOINT WARNING * * *
The komodo dragon burns!
The komodo dragon burns!
The komodo dragon bites you!
You die...

................#...+##...#
.##.......##....++.....##.##
.##.............##.....##..##
.#.........#....##.....#..#.#
..#.......#......#.....##.###
.#.###...#.#....##'.#####..##
.#.##.#.P#.#....#.P.####....♣♣♣##
............................≈≈♣≈#
...............l@............P≈≈♣
............................P≈≈≈≈
............................P≈≈≈P
............................PP♣♣#
..P#..####.#..............#P♣P♣
..##..######..............#####
..P#......#......P.#.##...#
...#......##..............#
..#........#..............#


You could see a komodo dragon (burning).

Vanquished Creatures
  Erica (Lair:2)
  A hydra (Lair:2)
  Joseph (D:9)
  Psyche (D:9)
  3 spiny frogs
  A kobold demonologist (D:7)
  3 komodo dragons
  2 two-headed ogres (D:9)
  Sigmund (D:2)
  A wyvern (D:8)
  17 yaks
  Grum (D:8)
  2 hippogriffs (Lair:2)
  A hungry ghost (D:8)
  A naga (D:9)
  3 wolves (D:8)
  4 ice beasts
  2 water moccasins (Lair:2)
  A porcupine (Lair:2)
  A necrophage (D:8)
  2 sky beasts
  3 ogres
  An orc warrior (D:7)
  3 centaurs
  4 crocodiles
  8 giant frogs
  A gnoll sergeant (D:9)
  A water moccasin zombie (D:8)
  2 scorpions
  A water moccasin skeleton (D:6)
  3 killer bees (D:9)
  3 wights (D:9)
  2 quasits
  5 crimson imps
  5 hounds
  2 centaur zombies
  2 jellies
  Crazy Yiuf (D:6)
  2 giant frog skeletons
  A gnoll shaman (D:5)
  6 two-headed ogre zombies (D:9)
  12 orc priests
  7 iguanas
  4 orc wizards
  3 worker ants
  2 hound zombies (D:9)
  Robin (D:2)
  11 adders
  16 gnolls
  11 river rats
  A worm (D:3)
  7 giant geckos
  49 orcs
  A ball python (D:5)
  2 bat skeletons
  A bat zombie (D:5)
  14 hobgoblins
  21 jackals
  17 kobolds
  6 quokkas
  18 bats
  5 giant cockroaches
  6 giant newts
  A giant spore (D:7)
  19 goblins
  2 jackal skeletons
  A quokka skeleton (D:7)
  11 rats
  2 ballistomycetes (D:7)
  4 butterflies (D:6)
361 creatures vanquished.

Vanquished Creatures (collateral kills)
  A hydra (Lair:2)
  A yak (Lair:2)
  A crocodile (Lair:2)
  A giant frog (Lair:3)
4 creatures vanquished.

Vanquished Creatures (others)
  An ogre (D:6)
  7 crimson imps
  An iron imp (Lair:2)
  2 shadow imps
  3 white imps
  9 plants (D:9)
  16 toadstools (D:6)
39 creatures vanquished.

Grand Total: 404 creatures vanquished

Notes
Turn   | Place    | Note
--------------------------------------------------------------
     0 | D:1      | nubinia, the Deep Elf Wizard, began the quest for the Orb.
     0 | D:1      | Reached XP level 1. HP: 10/10 MP: 7/7
   395 | D:1      | Reached skill level 5 in Spellcasting
   436 | D:1      | Reached XP level 2. HP: 13/15 MP: 10/10
   481 | D:1      | Learned a level 2 spell: Blink
   484 | D:1      | Learned a level 2 spell: Repel Missiles
  1067 | D:2      | Reached XP level 3. HP: 19/19 MP: 4/11
  1072 | D:2      | Learned a level 3 spell: Mephitic Cloud
  1076 | D:2      | Learned a level 3 spell: Conjure Flame
  1451 | D:2      | Reached skill level 6 in Spellcasting
  1465 | D:2      | Found a bloodstained altar of Trog.
  1475 | D:2      | Reached XP level 4. HP: 24/24 MP: 7/14
  1572 | D:2      | Noticed Robin
  1615 | D:2      | Killed Robin
  1639 | D:2      | Got a spiked helmet
  1650 | D:2      | Identified the cursed +0 helmet of Hospitality {rC- Str+2 Int+2} (You took it off Robin on level 2 of the Dungeon)
  2022 | D:2      | Noticed Sigmund
  2111 | D:2      | Found a shadowy altar of Dithmenos.
  2347 | D:2      | Reached XP level 5. HP: 28/28 MP: 5/16
  2979 | D:3      | Reached skill level 7 in Spellcasting
  3600 | D:3      | Reached XP level 6. HP: 26/32 MP: 16/18
  4015 | D:2      | Killed Sigmund
  4015 | D:2      | Reached skill level 8 in Spellcasting
  4293 | D:4      | Reached XP level 7. HP: 36/36 MP: 12/20
  4359 | D:4      | Found Libriw's Distillery.
  4751 | D:4      | Gained mutation: You can translocate small distances at will. [potion of mutation]
  4751 | D:4      | Gained mutation: You possess an exceptional clarity of mind. [potion of mutation]
  4751 | D:4      | Gained mutation: You are agile. (Dex +2) [potion of mutation]
  4825 | D:4      | Reached skill level 9 in Spellcasting
  5108 | D:4      | Found Qodett's Gadget Shop.
  5111 | D:4      | Reached skill level 5 in Conjurations
  5267 | D:5      | Entered Level 5 of the Dungeon
  5988 | D:5      | Reached XP level 8. HP: 41/41 MP: 20/23
  6059 | D:5      | Reached skill level 10 in Spellcasting
  6059 | D:5      | Reached skill level 1 in Poison Magic
  6304 | D:5      | Reached skill level 1 in Short Blades
  7228 | D:6      | Found a staircase to the Ecumenical Temple.
  7263 | Temple   | Entered the Ecumenical Temple
  7331 | Temple   | Became a worshipper of Sif Muna the Loreminder
  7335 | Temple   | Learned a level 2 spell: Call Imp
  7425 | D:6      | Reached skill level 1 in Charms
  7465 | D:6      | Reached skill level 1 in Fire Magic
  7916 | D:6      | Noticed Crazy Yiuf
  7923 | D:6      | Killed Crazy Yiuf
  8005 | D:6      | Found a blossoming altar of Fedhas.
  8027 | D:6      | Noticed an oklob plant
  8272 | D:7      | Found a basalt altar of Yredelemnul.
  8341 | D:7      | Acquired Sif Muna's first power
  8494 | D:7      | Reached XP level 9. HP: 46/46 MP: 12/25
  8699 | D:7      | Noticed krabocopter's ghost (experienced DECj)
  8706 | D:7      | Reached skill level 11 in Spellcasting
  8974 | D:7      | Noticed a kobold demonologist
  8975 | D:7      | Noticed a rust devil
  9061 | D:7      | Found an iron altar of Okawaru.
  9244 | D:7      | Found a shimmering altar of Xom.
  9369 | D:7      | Noticed a rust devil
  9503 | D:7      | Reached skill level 1 in Air Magic
  9606 | D:7      | Noticed a sixfirhy
  9618 | D:7      | Killed a kobold demonologist
  9618 | D:7      | Reached skill level 1 in Fighting
  9976 | D:8      | Noticed Grum
  9986 | D:8      | Acquired Sif Muna's second power
 10006 | D:8      | Killed Grum
 10285 | D:8      | Reached skill level 5 in Dodging
 10296 | D:8      | Got a transparent war axe
 10297 | D:8      | Identified the +9 war axe "Wogejam" {venom, +Blink rPois Str-5 Int+3} (You took it off an orc priest on level 8 of the Dungeon)
 10574 | D:8      | Found a white marble altar of Elyvilon.
 10747 | D:8      | Found a glowing silver altar of Zin.
 10768 | D:8      | Reached skill level 12 in Spellcasting
 10866 | D:8      | Reached XP level 10. HP: 45/52 MP: 24/28
 10916 | D:8      | Got a distressingly furry robe
 10931 | D:8      | Identified the +1 robe of Leclox {Int+7} (You took it off an orc on level 8 of the Dungeon)
 11108 | D:9      | Found a stormy altar of Qazlal.
 11618 | D:9      | Noticed Joseph
 11806 | D:9      | Noticed Psyche
 11971 | D:9      | Killed Psyche
 11971 | D:9      | Reached skill level 1 in Throwing
 12062 | D:9      | Learned a level 2 spell: Shroud of Golubria
 12066 | D:9      | Learned a level 3 spell: Regeneration
 12227 | D:9      | Reached skill level 5 in Charms
 12233 | D:9      | Acquired Sif Muna's third power
 12245 | D:9      | Reached skill level 1 in Invocations
 12269 | D:9      | Reached skill level 1 in Necromancy
 12326 | D:9      | Killed Joseph
 12326 | D:9      | Reached skill level 5 in Stealth
 12376 | D:9      | Found a staircase to the Lair.
 12860 | Lair:1   | Entered Level 1 of the Lair of Beasts
 13125 | Lair:1   | Found an iron altar of Okawaru.
 13888 | Lair:1   | Noticed an ice dragon
 13981 | Lair:2   | Reached skill level 13 in Spellcasting
 14175 | Lair:2   | Reached skill level 1 in Armour
 14175 | Lair:2   | Reached XP level 11. HP: 26/57 MP: 11/30
 14347 | Lair:2   | Noticed a seven-headed hydra
 14787 | Lair:3   | Noticed Fannar
 14999 | Lair:2   | Noticed a five-headed hydra
 15033 | Lair:2   | Killed a five-headed hydra
 15091 | Lair:2   | Noticed Erica
 15131 | Lair:2   | Killed Erica
 15131 | Lair:2   | Reached skill level 10 in Conjurations
 15357 | Lair:2   | Killed a seven-headed hydra
 15560 | Lair:2   | Received a gift from Sif Muna
 15561 | Lair:2   | Identified Aticvyax's Disquisition on the Blaze (Sif Muna gifted it to you on level 2 of the Lair of Beasts)
 15567 | Lair:2   | Learned a level 4 spell: Sticky Flame
 15680 | Lair:2   | Mangled by a komodo dragon

Action                   |  1- 3 |  4- 6 |  7- 9 | 10-12 || total
-------------------------+-------+-------+-------+-------++-------
Melee: Dagger            |     8 |    50 |   228 |   229 ||   515
 Fire: Blowgun           |       |       |     9 |    11 ||    20
 Cast: Magic Dart        |    79 |   175 |   370 |   248 ||   872
       Repel Missiles    |     1 |       |       |       ||     1
       Mephitic Cloud    |       |     4 |    37 |    43 ||    84
       Conjure Flame     |       |       |     7 |    12 ||    19
       Shroud of Golubri |       |       |       |    12 ||    12
       Regeneration      |       |       |       |     8 ||     8
       Call Imp          |       |       |       |    27 ||    27
       Blink             |       |       |       |     5 ||     5
       Sticky Flame      |       |       |       |     1 ||     1
Invok: Channel Energy    |       |       |     4 |    34 ||    38
Evoke: Wand              |       |       |       |     5 ||     5
  Use: Scroll            |     2 |     4 |     5 |       ||    11
       Potion            |       |     1 |     4 |     4 ||     9
 Stab: Sleeping          |       |     1 |     5 |     4 ||    10
       Distracted        |       |     1 |       |       ||     1
       Confused          |       |     1 |    10 |    30 ||    41
  Eat: Chunk             |     2 |     8 |    21 |    19 ||    50
       Royal jelly       |       |       |       |     1 ||     1
